 Dungeon Crawl Stone Soup version 0.14.2 (webtiles) character file.

375 EmikaRules the Charmwright (level 5, 0/36 HPs)
             Began as a High Elf Skald on Oct 30, 2016.
             Slain by an orc
             ... wielding a +0,+0 mace
              (5 damage)
             ... on Level 6 of the Dungeon.
             The game lasted 00:11:12 (1211 turns).

EmikaRules the Charmwright (High Elf Skald)         Turns: 1211, Time: 00:11:12

HP   0/36        AC  4     Str 11      XL: 5   Next: 89%
MP  11/14        EV 11     Int 16      God:
Gold 123         SH  0     Dex 15      Spells:  4 memorised,  1 level left

rFire  . . .     SeeInvis .     h - +1,+0 falchion
rCold  . . .     Clarity  .     b - +0 leather armour
rNeg   . . .     Conserve .     (no shield)
rPois  .         rCorr    .     (no helmet)
rElec  .         rRot     .     q - +0 cloak
SustAb . .       Spirit   .     (no gloves)
rMut   .         Warding  .     (no boots)
Saprov . . .     Stasis   .     (no amulet)
MR     .....                    (no ring)
                                m - ring of regeneration

@: regenerating, drained, not resistant to hostile enchantments, unstealthy
A: no striking features
a: no special abilities


You were on level 6 of the Dungeon.
You were very hungry.

You visited 1 branch of the dungeon, and saw 7 of its levels.

You collected 123 gold pieces.

Inventory:

Hand weapons
 a - a +0,+0 falchion
 g - a cursed -1,-2 dagger
 h - a +1,+0 falchion (weapon)
 r - a +2,+1 dagger of venom
Missiles
 k - 8 curare-tipped needles
 p - 2 needles of paralysis
 t - 23 darts (quivered)
 u - 4 tomahawks
Armour
 b - a +0 leather armour (worn)
 q - a +0 cloak (worn)
 s - a +0 ring mail
Comestibles
 d - 2 bread rations
 n - a meat ration
Scrolls
 e - 4 scrolls of remove curse
 f - a scroll of recharging
 j - 2 scrolls of identify
 l - a scroll of random uselessness
 o - 3 scrolls of blinking {unknown}
Jewellery
 m - a ring of regeneration (left hand)
Books
 c - a book of Battle

   Spells                             Type                      Level
   *Infusion                          Charms                       1
   *Shroud of Golubria                Charms/Translocation         2
   Song of Slaying                    Charms                       2
   *Spectral Weapon                   Hexes/Charms                 3
   *Regeneration                      Charms/Necromancy            3
Magical staves
 v - an uncursed staff of air {unknown}


   Skills:
 * Level 2.9(2.6) Fighting
 * Level 4.1(3.8) Long Blades
 * Level 2.5(2.2) Armour
 + Level 2.1(1.8) Dodging
 + Level 3.1(2.8) Spellcasting
 + Level 0.0 Hexes
 + Level 4.2(3.9) Charms
 + Level 1.2(1.0) Necromancy
 + Level 0.2(0.0) Translocations


You had one spell level left.
You knew the following spells:

 Your Spells              Type           Power        Failure   Level  Hunger
a - Infusion              Chrm           ###...       4%          1    #......
b - Spectral Weapon       Hex/Chrm       #.......     28%         3    ###....
r - Regeneration          Chrm/Necr      ##........   21%         3    ###....
s - Shroud of Golubria    Chrm/Tloc      #.........   14%         2    ##.....


Dungeon Overview and Level Annotations

Branches:
Dungeon (7/15)
 Temple: D:4-7

Altars:
Trog


Message History

Found an encrusted moonstone ring.
Found a stone staircase leading down.
You hit the ballistomycete.
The ballistomycete is lightly damaged.
The orc barely misses you. The orc hits you but does no damage. x2
An ogre comes into view. It is wielding a giant club.
You feel less confused.
The ogre shouts!
Casting: Regeneration
Confirm with . or Enter, or press ? or * to list all spells.
Your skin crawls.
You are feeling very hungry.
The orc barely misses you. The orc closely misses you.
The orc hits you with a mace.
* * * LOW HITPOINT WARNING * * *
Read which item? (? for menu, Esc to quit)
As you read the scroll labeled CODGHOL MUOCVO, it crumbles to dust.
You feel aware of your surroundings.
It was a scroll of magic mapping.
The orc hits you with a mace.
You die...

*,,,,,,...,,,,,,,,,,,,,,.
*,,,......,,,,,,,,,,,,,..
*,,......#***************
*,.......# *........#
*.....=.O# #...>....#
#........# #.......@#
#.....ooo# #...!..oS#
#...f....# #..f...f.#
#........# #...f.>f.#
#...?....# #........#


You could see an ogre, an active ballistomycete, an adder and 4 orcs.

Vanquished Creatures
  A centaur (D:5)
  Crazy Yiuf (D:7)
  An orc wizard (D:3)
  A hound zombie (D:5)
  A gnoll (D:3)
  3 adders
  A worm (D:5)
  8 orcs (D:3)
  2 bats
  7 giant cockroaches
  6 goblins
  4 hobgoblins
  3 quokkas
  2 giant newts (D:3)
  3 kobolds
  17 rats
61 creatures vanquished.

Vanquished Creatures (others)
  A giant spore (D:6)
1 creature vanquished.

Grand Total: 62 creatures vanquished

Notes
Turn   | Place    | Note
--------------------------------------------------------------
     0 | D:1      | EmikaRules, the High Elf Skald, began the quest for the Orb.
     0 | D:1      | Reached XP level 1. HP: 14/14 MP: 4/4
    11 | D:1      | Reached skill level 1 in Armour
    32 | D:1      | Reached XP level 2. HP: 14/19 MP: 6/6
    42 | D:1      | Learned a level 2 spell: Shroud of Golubria
   333 | D:3      | Reached XP level 3. HP: 20/24 MP: 8/8
   378 | D:2      | Learned a level 3 spell: Regeneration
   465 | D:3      | Reached skill level 4 in Charms
   534 | D:3      | Reached XP level 4. HP: 20/30 MP: 1/11
   703 | D:5      | Entered Level 5 of the Dungeon
   711 | D:6      | Noticed an ogre
   740 | D:5      | Noticed a centaur
   757 | D:5      | Killed a centaur
   757 | D:5      | Reached skill level 1 in Necromancy
   757 | D:5      | Reached XP level 5. HP: 22/36 MP: 8/14
   762 | D:5      | Learned a level 3 spell: Spectral Weapon
   914 | D:5      | Found a bloodstained altar of Trog.
  1076 | D:6      | Noticed an ice beast
  1118 | D:7      | Noticed Crazy Yiuf
  1130 | D:7      | Killed Crazy Yiuf
  1201 | D:6      | HP: 1/36 [something (35)]
  1208 | D:6      | Noticed an ogre
  1211 | D:6      | Slain by an orc

Action                   |  1- 3 |  4- 6 || total
-------------------------+-------+-------++-------
Melee: Falchion          |   127 |    72 ||   199
 Cast: Shroud of Golubri |     5 |     9 ||    14
       Regeneration      |     2 |     6 ||     8
       Infusion          |     2 |     3 ||     5
       Spectral Weapon   |       |     1 ||     1
  Use: Scroll            |       |     8 ||     8
       Potion            |       |     1 ||     1
